General information
			
			
        
        - name: BNet
 
        - type: Ladder 1vs1/FFA
 
        - host: Battle.net
 
        - saver: kunt.roII
 
        
map: TurtleRock 
        - players: 2
 
        - length: 15:33
 
        - speed: Fast
 - version: 1.22 W3XP
 - replay type:  Public
 
» download(64 KB)
Players
        team 1 (winner) 
              
              
kunt.roII (
purple | 129 APM | 2008 actions | 15:33)
              
 5 Dark Ranger 
 3 Black Arrow
 2 Silence
 3 Naga Sea Witch 
 1 Frost Arrows
 2 Forked Lightning
 
                » actions 
                
                | Assign group hotkey | 41 |  | 
| Basic commands | 54 |  | 
| Build / train | 48 |  | 
| ESC pressed | 2 |  | 
| Enter build submenu | 15 |  | 
| Enter hero's abilities submenu | 8 |  | 
| Give item / drop item | 2 |  | 
| Right click | 990 |  | 
| Select / deselect | 316 |  | 
| Select group hotkey | 451 |  | 
| Use ability | 81 |  | 
                2008 total
 » units 
                
                | Acolyte | 2 |  | 
| Ghoul | 8 |  | 
| Crypt Fiend | 8 |  | 
| Obsidian Statue | 4 |  | 
                22 total
 » upgrades
                
                | Burrow | 1 |  | 
| Destroyer Form | 1 |  | 
| Ghoul Frenzy | 1 |  | 
| Creature Attack | 1 |  | 
| Web | 1 |  | 
                5 total
 » buildings
                
                | Graveyard | 1 |  | 
| Crypt | 1 |  | 
| Ziggurat | 8 |  | 
| Altar of Darkness | 1 |  | 
| Tomb of Relics | 1 |  | 
| Halls of the Dead | 3 |  | 
| Nerubian Tower | 1 |  | 
| Black Citadel | 1 |  | 
| Slaughterhouse | 2 |  | 
                19 total
 » build order
                00:09 Graveyard
00:11 Crypt
00:36 Ziggurat
00:56 Altar of Darkness
01:42 Tomb of Relics
02:21 Ziggurat
04:11 Halls of the Dead
04:11 Halls of the Dead
04:38 Ziggurat
04:40 Nerubian Tower
06:46 Black Citadel
07:36 Slaughterhouse
08:22 Ziggurat
08:33 Slaughterhouse
10:48 Ziggurat
14:20 Ziggurat
14:21 Ziggurat
14:21 Ziggurat
» items
                
                | Rod of Necromancy | 2 |  | 
| Boots of Speed | 1 |  | 
| Sacrificial Skull | 1 |  | 
                4 total
  
               team 2 (loser) 
              
              
Trym (
yellow | 116 APM | 1803 actions | 15:31)
              
 4 Archmage 
 2 Summon Water Elemental
 2 Brilliance Aura
 2 Mountain King 
 1 Storm Bolt
 1 Bash
 1 Paladin 
 1 Holy Light
 
                » actions 
                
                | Assign group hotkey | 110 |  | 
| Basic commands | 13 |  | 
| Build / train | 84 |  | 
| ESC pressed | 3 |  | 
| Enter build submenu | 23 |  | 
| Enter hero's abilities submenu | 7 |  | 
| Give item / drop item | 3 |  | 
| Right click | 624 |  | 
| Select / deselect | 387 |  | 
| Select group hotkey | 395 |  | 
| Use ability | 154 |  | 
                1803 total
 » units 
                
                | Peasant | 24 |  | 
| Footman | 16 |  | 
| Rifleman | 2 |  | 
| Gryphon Rider | 2 |  | 
| Dragonhawk Rider | 3 |  | 
                47 total
 » upgrades
                
                | Defend | 1 |  | 
| Swords | 1 |  | 
| Lumber Harvesting | 2 |  | 
                4 total
 » buildings
                
                | Altar of Kings | 1 |  | 
| Barracks | 1 |  | 
| Farm | 4 |  | 
| Arcane Vault | 1 |  | 
| Lumber Mill | 2 |  | 
| Town Hall | 1 |  | 
| Scout Tower | 6 |  | 
| Keep | 1 |  | 
| Guard Tower | 2 |  | 
| Blacksmith | 1 |  | 
| Arcane Tower | 2 |  | 
| Castle | 1 |  | 
| Gryphon Aviary | 4 |  | 
                27 total
 » build order
                00:02 Altar of Kings
00:06 Barracks
00:35 Farm
01:09 Farm
01:45 Farm
02:40 Farm
03:04 Arcane Vault
03:31 Lumber Mill
05:04 Town Hall
05:08 Scout Tower
05:11 Scout Tower
05:58 Keep
06:02 Guard Tower
07:35 Scout Tower
07:46 Blacksmith
08:14 Arcane Tower
09:09 Castle
10:39 Gryphon Aviary
10:44 Scout Tower
11:06 Gryphon Aviary
11:11 Guard Tower
11:12 Scout Tower
11:47 Arcane Tower
11:48 Scout Tower
12:20 Lumber Mill
13:35 Gryphon Aviary
14:49 Gryphon Aviary
» items
                
                | Scroll of Regeneration | 2 |  | 
| Lesser Clarity Potion | 2 |  | 
| Potion of Lesser Invulnerability | 2 |  | 
| Scroll of Healing | 1 |  | 
| Potion of Healing | 6 |  | 
| Scroll of Town Portal | 3 |  | 
                16 total
  
                Chat log
          (00:14 / All) Trym: heya
(00:15 / All) kunt.roII: gl n HF
(00:17 / All) Trym: hf